 Dungeon Sprint DCSS version 0.19.5 (webtiles) character file.

448 mopl the Party-goer (level 6, 1/59 HPs)
             Began as a Troll Abyssal Knight on July 17, 2019.
             Was a Follower of Uskayaw.
             Quit the game in the Dungeon (Sprint I: "Red Sonja").
             The game lasted 00:01:55 (228 turns).

mopl the Party-goer (Troll Abyssal Knight)           Turns: 228, Time: 00:01:55

Health: 1/59       AC:  5    Str: 23    XL:     6   Next: 73%
Magic:  13/13      EV: 10    Int:  8    God:    Uskayaw [*.....]
Gold:   297        SH:  0    Dex:  9    Spells: 0 memorised, 5 levels left

rFire  . . .     SeeInvis .       - Unarmed
rCold  . . .     Gourm    +     a - +0 robe
rNeg   . . .     Faith    .     (no shield)
rPois  .         Spirit   .     (helmet restricted)
rElec  .         Reflect  .     (no cloak)
rCorr  .         Harm     .     (gloves unavailable)
MR     .....     NoTele   +     (boots unavailable)
Stlth  +.........               (no amulet)
                                (no ring)
                                (no ring)

@: lethally poisoned (1 -> -62), very slightly contaminated, hasted and slowed
A: unfitting armour, claws 3, fast metabolism 3, gourmand, regeneration 1,
shaggy fur 1, tough skin 2
a: Stomp, Renounce Religion


You were in the Dungeon.
You worshipped Uskayaw.
Uskayaw was aware of your devotion.
You were completely stuffed.

You visited 1 branch You collected 297 gold pieces.

Inventory:

Armour
 a - a +0 robe (worn)
Scrolls
 g - a scroll of amnesia {unknown}
 h - 2 scrolls of blinking
Potions
 f - 2 potions of magic
Comestibles
 b - 2 bread rations


   Skills:
 - Level 2.4 Fighting
 - Level 1.9 Dodging
 + Level 8.6 Unarmed Combat
 * Level 10.9 Invocations


You had 5 spell levels left.
You didn't know any spells.

Dungeon Overview and Level Annotations

Branches:
Dungeon (1/1)

Altars:
Cheibriados
Dithmenos
Elyvilon
Fedhas
Gozag
Hepliaklqana
Kikubaaqudgha
Nemelex Xobeh
Okawaru
Qazlal
Ru
Sif Muna
Trog
Uskayaw
Vehumet
Yredelemnul
Zin
The Shining One

Shops:
D :

Annotations:
D Sonja


Innate Abilities, Weirdness & Mutations

You are too large for most types of armour.
You have claws for hands.
Your metabolism is lightning-fast.
You like to eat raw meat.
Your natural rate of healing is unusually fast.
You are covered in fur. (AC +1)
You have very tough skin. (AC +2)


Message History

Sonja hits you with an uncursed dagger of venom.
* * * LOW HITPOINT WARNING * * *
You are more poisoned.
Sonja hits you with an uncursed dagger of venom.
* * * LOW HITPOINT WARNING * * *
You are more poisoned.
Sonja hits you but does no damage.
You are more poisoned.
Sonja hits you with an uncursed dagger of venom.
* * * LOW HITPOINT WARNING * * *
You are more poisoned.
You completely miss Sonja. Your claw misses Sonja.
Sonja is severely wounded.
* * * LOW HITPOINT WARNING * * *
You feel very sick.
Sonja gestures wildly while chanting.
Sonja blinks!
Okay, then.
Unknown command.
Are you sure you want to abandon this character and quit the game? (Confirm with "yes".)

################
#<.#..)..#..'..#
#..'..#..').#..+
#..#####'#####'#
#..####..#...#.#
#..#__####..##.#
#..#_____##'#K.+
#⌠⌠#_.∩.§@'..._#
####_..__##_.#'#
#_____###(#(#
####### #.###
+$.$+ #$.$#
##.## #+#


You could see Sonja.

Vanquished Creatures
  Sigmund (D)
  A yak (D)
  An ogre (D)
  A jelly (D)
  Ijyb (D)
5 creatures vanquished.

Notes
Turn   | Place    | Note
-------+----------+-------------------------------------------
     0 | D        | mopl the Troll Abyssal Knight began the quest for the Orb.
     0 | D        | Reached XP level 1. HP: 22/22 MP: 1/1
     1 | D        | Noticed Ijyb
    11 | D        | Killed Ijyb
    11 | D        | Reached skill level 3 in Unarmed Combat
    11 | D        | Reached skill level 4 in Invocations
    11 | D        | Reached XP level 2. HP: 29/29 MP: 2/4
    17 | D        | Noticed an ogre
    23 | D        | Killed an ogre
    23 | D        | Reached ** piety under Lugonu
    23 | D        | Reached skill level 5 in Unarmed Combat
    23 | D        | Reached skill level 7 in Invocations
    23 | D        | Reached XP level 3. HP: 36/36 MP: 2/7
    23 | D        | Reached XP level 4. HP: 44/44 MP: 2/8
    65 | D        | Noticed Sigmund
    68 | D        | Killed Sigmund
    68 | D        | Reached skill level 7 in Unarmed Combat
    68 | D        | Reached skill level 9 in Invocations
    68 | D        | Reached XP level 5. HP: 30/50 MP: 9/11
    68 | D        | Reached XP level 6. HP: 36/59 MP: 9/12
   117 | D        | Found a deep blue altar of Sif Muna.
   119 | D        | Found a radiant altar of Vehumet.
   154 | D        | Found Mirurgh's Book Emporium.
   154 | D        | Found an ancient bone altar of Kikubaaqudgha.
   154 | D        | Found a hazy altar of Hepliaklqana.
   154 | D        | Found a stormy altar of Qazlal.
   154 | D        | Found a hide-covered altar of Uskayaw.
   154 | D        | Found a blossoming altar of Fedhas.
   154 | D        | Found a bloodstained altar of Trog.
   154 | D        | Found an iron altar of Okawaru.
   154 | D        | Found a basalt altar of Yredelemnul.
   154 | D        | Found a glowing golden altar of the Shining One.
   154 | D        | Found a snail-covered altar of Cheibriados.
   154 | D        | Found a sacrificial altar of Ru.
   154 | D        | Found a glowing silver altar of Zin.
   154 | D        | Found a shadowy altar of Dithmenos.
   154 | D        | Found a white marble altar of Elyvilon.
   154 | D        | Noticed a yak
   155 | D        | Found an opulent altar of Gozag.
   162 | D        | Killed a yak
   162 | D        | Reached skill level 8 in Unarmed Combat
   162 | D        | Reached skill level 10 in Invocations
   163 | D        | Found a sparkling altar of Nemelex Xobeh.
   169 | D        | Fell from the grace of Lugonu
   169 | D        | Became a worshipper of Uskayaw the Reveler
   207 | D        | Noticed Sonja
   225 | D        | Reached * piety under Uskayaw
   227 | D        | HP: 1/59 [poisoned by Sonja]
   228 | D        | Quit the game

Skill      XL: |  1  2  3  4  5  6 |
---------------+-------------------+-----
Unarmed Combat | 3 5 7 8 |  8.6
Invocations    | 4 7 9 10 | 10.9
Fighting       | |  2.4
Dodging        | |  1.9

Action                   |  1- 3 |  4- 6 || total
-------------------------+-------+-------++-------
Melee: Unarmed           |    14 |    23 ||    37
  Use: Potion            |     1 |     3 ||     4
  Eat: Chunk             |     1 |     7 ||     8
Armor: Robe              |     4 |     8 ||    12
Dodge: Dodged            |     6 |    13 ||    19
